 Dungeon Crawl Stone Soup version 0.28.0-43-g3370ac3207 (webtiles) character file.

Game seed: 2968153745104769801

3749 adizb the Skirmisher (level 9, -1/74 HPs)
             Began as a Demonspawn Fighter on Mar 8, 2022.
             Was a Believer of Fedhas.
             Slain by Erica
             ... wielding a +0 scimitar of flaming
              (3 damage)
             ... on level 8 of the Dungeon.
             The game lasted 00:40:05 (6094 turns).

adizb the Skirmisher (Demonspawn Fighter)           Turns: 6094, Time: 00:40:08

Health: -1/74      AC: 10    Str: 20    XL:     9   Next: 93%
Magic:  11/13      EV:  7    Int: 10    God:    Fedhas [**....]
Gold:   347        SH:  0    Dex: 13    Spells: 8/8 levels left

rFire   . . .      SeeInvis .   u - +6 morningstar
rCold   . . .      Faith    .   (no shield)
rNeg    . . .      Spirit   .   w - +0 chain mail
rPois   .          Reflect  .   (no helmet)
rElec   .          Harm     .   (no cloak)
rCorr   .          Rampage  .   (no gloves)
Will    .....                   (no boots)
Stlth   ..........              (no amulet)
HPRegen 0.22/turn               (no ring)
MPRegen 0.13/turn               (no ring)

@: confused, slowed, very slow
A: large bone plates 2, powered by death 1, condensation shield, demonic touch
1, sense surroundings 1, MP-powered wands
a: Renounce Religion, Wall of Briars


You were on level 8 of the Dungeon.
You worshipped Fedhas.
Fedhas was pleased with you.
You visited 1 branch of the dungeon, and saw 8 of its levels.

You collected 347 gold pieces.

Inventory:

Hand Weapons
 l - a +3 hand axe of freezing
 u - a +6 morningstar (weapon)
 v - a +2 long sword of electrocution
Missiles
 q - a boomerang (quivered)
 A - a throwing net
Armour
 c - a +0 buckler
 m - an orb of light
 w - a +0 chain mail (worn)
 y - +0 steam dragon scales
Jewellery
 n - a ring of fire
 E - a ring of see invisible
Wands
 C - a wand of charming (9)
 D - a wand of flame (16)
 F - a wand of iceblast (8)
Scrolls
 a - a scroll of summoning
 d - a scroll of amnesia {unknown}
 e - a scroll of silence {unknown}
 g - 3 scrolls of noise {unknown}
 i - a scroll of magic mapping {unknown}
 o - a scroll of brand weapon {unknown}
 p - a scroll of teleportation
 s - a scroll of blinking {unknown}
 t - a scroll of enchant armour {unknown}
 B - a scroll of identify
Potions
 b - 2 potions of resistance {unknown}
 f - a potion of mutation
 j - a potion of curing
 r - a potion of haste {unknown}
 x - a potion of heal wounds
 z - a potion of magic {unknown}


   Skills:
 * Level 7.9 Fighting
 + Level 7.0 Maces & Flails
 + Level 6.6 Armour
 - Level 3.2 Shields
 + Level 4.7 Unarmed Combat
 * Level 5.7 Invocations


You had 8 spell levels left.
You didn't know any spells.
Your spell library contained the following spells:

 Spells                   Type           Power      Damage    Failure   Level
 Magic Dart               Conj           0%         1d3       97%         1
 Blink                    Tloc           0%         N/A       99%         2
 Searing Ray              Conj           0%         2d4       99%         2
 Conjure Flame            Conj/Fire      0%         6-21      100%        3
 Ignite Poison            Fire/Tmut/Pois 0%         N/A       100%        3
 Lesser Beckoning         Tloc           0%         N/A       100%        3
 Fulminant Prism          Conj/Hex       0%         3d6       100%        4
 Leda's Liquefaction      Hex/Erth       0%         N/A       100%        4
 Sticky Flame             Conj/Fire      0%         2d3       100%        4
 Summon Ice Beast         Ice/Summ       0%         N/A       100%        4
 Lee's Rapid Deconstruct  Erth           0%         3d5*      100%        5
 Manifold Assault         Tloc           0%         N/A       100%        5
 Summon Mana Viper        Hex/Summ       0%         N/A       100%        5
 Statue Form              Tmut/Erth      0%         N/A       100%        6
 Monstrous Menagerie      Summ           0%         N/A       100%        7
 Storm Form               Tmut/Air       0%         N/A       100%        7


Dungeon Overview and Level Annotations

Branches:
Dungeon (8/15)             Temple (0/1) D:6            Lair (0/6) D:8

Altars:
Fedhas

Shops:
D:1 *   D:6 *

Annotations:
D:8 Erica


Innate Abilities, Weirdness & Mutations

You are mostly covered in large bone plates. (SH +6)
You regenerate a little health from kills.
A meltable shield of frost defends you. (SH +0)
Your touch may inflict minor irresistible damage on your foes.
You passively map a small area around you.
You expend magic power (3 MP) to strengthen your wands.


Message History

Something burns you.
* * * LOW HITPOINT WARNING * * *
You feel much better. Something hits you but does no damage.
You feel less confused.
You hear some strange, mumbled words.
A bolt of poison appears from out of thin air!
The bolt of poison misses you.
A briar patch grows up from the ground. x8; Something hits your briar patch!
Something burns your briar patch!
Something is struck by your briar patch's thorns.
Something hits your briar patch! Something burns your briar patch.
Something hits your briar patch! Something burns your briar patch.
Your briar patch is destroyed!
Your briar patch disappears in a puff of smoke!
You closely miss something. Your punch misses something.
Something completely misses you.
You closely miss something.
You touch something.
Something hits you. Something burns you.
You closely miss something. Something hits you. Something burns you.
* * * LOW HITPOINT WARNING * * *
You hit something.
You touch something.
You hear some strange, mumbled words.
You feel yourself slow down.
You hit something. Something hits you.
* * * LOW HITPOINT WARNING * * *
Something burns you.
* * * LOW HITPOINT WARNING * * *
You block something's attack.
You walk carefully through the plants.
You hear some strange, mumbled words.
You feel as though you will be slow longer.
You hear some strange, mumbled words.
You are confused.
Something hits you!
* * * LOW HITPOINT WARNING * * *
Something burns you.
* * * LOW HITPOINT WARNING * * *
Something hits you.
You die...
Fedhas appreciates your contribution to the ecosystem.

.........+.###...##
####.#.###.##.....## *
#....#..#....P..# *
##..<#.##.P.....##
#...............#
####...............##
#.............>PPP..#*
#.###..#.......P.P..##.#
.#..............@P......#
....##>..###....P{.######
.........#.#..P....#
.#.......#.##.....## *
,#.#.##..#.###...## , #
#.....#.# ##.#.#* *
.....#.(.#.# #.#.# * *
####.#.(.#.####.#.# ,
....(.#......#.# *


There were no monsters in sight!

Vanquished Creatures
  Pikel (D:7)
  An elephant (D:8)
  A yak (D:8)
  A steam dragon (D:7)
  A water moccasin (D:8)
  A sky beast (D:6)
  3 black bears
  2 necrophages
  4 ogres
  A centaur (D:6)
  2 lemures (D:7)
  A kobold brigand (D:7)
  2 water moccasin zombies
  4 scorpions
  A water moccasin skeleton (D:7)
  6 killer bees
  5 wights (D:6)
  A howler monkey (D:5)
  A bullfrog zombie (D:6)
  A hound (D:6)
  2 centaur zombies
  2 jellies (D:6)
  A centaur skeleton (D:7)
  2 iguanas
  Natasha (thrice) (D:2)
  2 orc wizards
  A hound skeleton (D:4)
  7 adders
  An ufetubus (D:5)
  2 worms
  5 dart slugs
  22 orcs
  4 bats
  6 endoplasms
  2 giant cockroaches (D:2)
  5 goblins
  10 hobgoblins
  12 kobolds
  2 quokkas
  10 ball pythons
  4 frilled lizards
  5 rats
150 creatures vanquished.

Vanquished Creatures (collateral kills)
  A black bear (D:8)
  2 orc wizards (D:7)
3 creatures vanquished.

Vanquished Creatures (others)
  18 plants (D:4)
18 creatures vanquished.

Grand Total: 171 creatures vanquished

Notes
Turn   | Place    | Note
-------+----------+-------------------------------------------
     0 | D:1      | adizb the Demonspawn Fighter began the quest for the Orb.
     0 | D:1      | Reached XP level 1. HP: 18/18 MP: 1/1
    25 | D:1      | You fall into a shaft and drop 1 floor!
   103 | D:2      | Gained mutation: You are partially covered in large bone
                  | plates. (SH +4) [demonic ancestry]
   103 | D:2      | Reached XP level 2. HP: 19/24 MP: 2/2
   271 | D:2      | Gained mutation: A meltable shield of frost defends you.
                  | (SH +0) [demonic ancestry]
   271 | D:2      | Reached XP level 3. HP: 29/29 MP: 3/3
   285 | D:2      | Noticed Natasha
   298 | D:2      | Killed Natasha
   414 | D:1      | Found Debotir's General Store.
   416 | D:1      | Gained mutation: You are mostly covered in large bone
                  | plates. (SH +6) [demonic ancestry]
   416 | D:1      | Reached XP level 4. HP: 36/37 MP: 4/4
  1051 | D:2      | Noticed Natasha
  1056 | D:2      | Killed Natasha
  1438 | D:2      | Noticed Natasha
  1464 | D:2      | Killed Natasha
  1670 | D:3      | Gained mutation: You regenerate a little health from kills.
                  | [demonic ancestry]
  1670 | D:3      | Reached XP level 5. HP: 22/43 MP: 5/5
  2134 | D:3      | Found a faded altar of an unknown god.
  2306 | D:4      | Found a blossoming altar of Fedhas.
  2316 | D:4      | Noticed a black bear
  2325 | D:4      | Killed a black bear
  2339 | D:4      | Became a worshipper of Fedhas Madash
  2387 | D:4      | Gained mutation: Your touch may inflict minor irresistible
                  | damage on your foes. [demonic ancestry]
  2387 | D:4      | Reached XP level 6. HP: 46/49 MP: 6/6
  2616 | D:4      | Reached skill level 1 in Unarmed Combat
  2708 | D:4      | Reached skill level 5 in Fighting
  2738 | D:4      | Reached XP level 7. HP: 34/56 MP: 7/7
  2743 | D:4      | Reached * piety under Fedhas
  3045 | D:5      | Entered Level 5 of the Dungeon
  3752 | D:5      | Reached skill level 5 in Armour
  4119 | D:6      | Found a staircase to the Ecumenical Temple.
  4157 | D:6      | Reached XP level 8. HP: 40/63 MP: 8/8
  4216 | D:7      | Reached skill level 5 in Maces & Flails
  4272 | D:7      | HP: 2/64 [kobold brigand/+0 short sword (8)]
  4380 | D:6      | Found Hlog's Humungous Hoard.
  4718 | D:6      | Reached ** piety under Fedhas
  4961 | D:6      | Reached skill level 1 in Invocations
  4995 | D:6      | Reached XP level 9. HP: 63/71 MP: 9/9
  5478 | D:7      | Noticed Pikel
  5546 | D:7      | Gained mutation: You expend magic power (3 MP) to
                  | strengthen your wands. [potion of mutation]
  5546 | D:7      | Gained mutation: You passively map a small area around you.
                  | [potion of mutation]
  5777 | D:7      | Killed Pikel
  5903 | D:8      | Found a staircase to the Lair.
  5905 | D:8      | Noticed an elephant
  5914 | D:8      | Reached skill level 5 in Invocations
  5920 | D:8      | Killed an elephant
  6055 | D:8      | Noticed Erica
  6077 | D:8      | HP: 1/74 [something (3)]
  6094 | D:8      | HP: 2/74 [something (4)]
  6094 | D:8      | Slain by Erica

Illustrated notes

Levels and vault maps discovered:
D:1:      roderic_crossed_star, layout_loops_ring, serial_shops,
          nicolae_shop_trees, minmay_surrounded
D:2:      layout_rooms, hex_intersection, chequers_serial_rivers_micro_c,
          st_stairs_6, minmay_pentomino_o4, uniq_natasha
D:3:      layout_basic, dreamdust_ecumenical_altar_hidden_monk_grotto,
          minmay_shallow_snake_nest
D:4:      layout_loops_cross, kennysheep_mini_moat, serial_bayou,
          serial_bayou_shore_b, serial_bayou_shore_b, serial_bayou_lagoon_a,
          serial_bayou_ford_a, chequers_serial_rivers_large_b
D:5:      layout_loops_corners, serial_co_window_serial, co_window_corner_a,
          co_window_corner_a, co_window_paths_b, co_window_corner_a,
          co_window_of_opportunity_a, co_window_corner_a,
          co_window_of_opportunity_a, co_window_of_opportunity_a,
          co_window_corner_a, co_window_unsneaky_path_b, co_window_corner_b,
          co_window_paths_c, co_window_broadway_c, co_window_unsneaky_path_a,
          co_window_of_opportunity_b, glass_columns_a, glass_columns_a
D:6:      lemuel_ice_spiral_2, layout_basic, minmay_temple_entry_grid,
          nicolae_alphabet_shops
D:7:      layout_cave_pools, uniq_pikel
D:8:      layout_basic, david_lair_generic, uniq_erica, uniq_psyche

Skill      XL: |  1  2  3  4  5  6  7  8  9 |
---------------+----------------------------+-----
Armour         | 3 4 5 6 |  6.6
Fighting       | 4 5 6 7 |  7.9
Maces & Flails | 2 3 4 6 7 |  7.0
Shields        | 3 |  3.2
Unarmed Combat | 1 2 3 4 |  4.7
Invocations    | 1 5 |  5.7

Action                   |  1- 3 |  4- 6 |  7- 9 || total
-------------------------+-------+-------+-------++-------
Melee: Flail             |    82 |   178 |   205 ||   465
       Touch             |       |     9 |    49 ||    58
       Punch             |       |     2 |     9 ||    11
       Morningstar       |       |       |   120 ||   120
Throw: Dart              |       |    13 |    18 ||    31
       Boomerang         |       |     2 |     8 ||    10
       Throwing net      |       |     1 |       ||     1
Invok: Wall of Briars    |       |       |     3 ||     3
  Use: Potion            |     3 |       |     7 ||    10
       Scroll            |       |       |     4 ||     4
Armor: Scale mail        |    32 |    51 |    20 ||   103
       Chain mail        |       |       |   112 ||   112
Dodge: Dodged            |    38 |    44 |    88 ||   170
Block: Buckler           |    39 |   160 |       ||   199
       Other             |       |     8 |   146 ||   154
